 Dungeon Crawl Stone Soup version 0.26-a0-812-g31a745ddcd (webtiles) character file.

Game seed: 4003750197585551023

5378 kae the Grappler (level 10, -1/54 HPs)
             Began as a Tengu Transmuter on Nov 19, 2020.
             Was a Follower of Hepliaklqana.
             Killed from afar by an orc wizard (12 damage)
             ... with a puff of frost
             ... on level 8 of the Dungeon.
             The game lasted 00:12:08 (12726 turns).

kae the Grappler (Tengu Transmuter)                Turns: 12726, Time: 00:12:09

Health: -1/54      AC:  2    Str: 15    XL:     10   Next: 66%
Magic:  15/15      EV: 26    Int: 13    God:    Hepliaklqana [*.....]
Gold:   860        SH:  0    Dex: 19    Spells: 2/15 levels left

rFire    . . .     SeeInvis .     - Unarmed
rCold    . . .     Faith    .   (shield currently unavailable)
rNeg     . . .     Spirit   .   (armour currently unavailable)
rPois    x         Reflect  .   (helmet currently unavailable)
rElec    .         Harm     .   (cloak currently unavailable)
rCorr    .         Rampage  .   (gloves currently unavailable)
MR       .....                  (boots unavailable)
Stlth    ++........             (no amulet)
HPRegen  0.18/turn              (no ring)
MPRegen  0.14/turn              (no ring)

@: spider-form (expiring), flying quickly and evasively, quick
A: tiny, reduced essence, able to fly
a: Stop Flying, End Transformation, Recall Ancestor, Ancestor Identity, Renounce
Religion


You were on level 8 of the Dungeon.
You worshipped Hepliaklqana.
Hepliaklqana was aware of your devotion.
You were a venomous arachnid creature.
You visited 2 branches of the dungeon, and saw 9 of its levels.
You also visited: Sewer and Ossuary.

You collected 892 gold pieces.
You spent 32 gold pieces at shops.

Inventory:

Armour
 h - a +2 cloak (melded)
 r - a +2 robe of positive energy (melded)
Wands
 l - a wand of digging (10)
 m - a wand of iceblast (9)
 n - a wand of flame (13)
 q - a wand of enslavement (8)
 C - a wand of random effects (15)
Scrolls
 a - 6 scrolls of random uselessness
 b - 3 scrolls of enchant armour
 c - 2 scrolls of immolation
 e - a scroll of enchant weapon
 f - a scroll of fog
 k - a scroll of magic mapping
 u - a scroll of amnesia
 v - 7 scrolls of teleportation
 y - 4 scrolls of remove curse
 B - 2 scrolls of blinking
Potions
 d - 4 potions of curing
 g - 4 potions of heal wounds
 i - 2 potions of resistance
 j - 3 potions of flight
 o - 2 potions of berserk rage
 p - a potion of cancellation
 s - 2 potions of attraction {unknown}
 t - 2 potions of mutation {unknown}
 w - a potion of might {unknown}
 x - a potion of haste
 z - a potion of ambrosia {unknown}
 A - a potion of lignification {unknown}


   Skills:
 + Level 6.3 Fighting
 + Level 3.6 Dodging
 * Level 10.3 Unarmed Combat
 - Level 3.0 Spellcasting
 * Level 7.7 Transmutations
 * Level 3.2 Ice Magic
 - Level 3.0 Poison Magic


You had 2 spell levels left.
You knew the following spells:

 Your Spells              Type           Power        Failure   Level
a - Beastly Appendage     Tmut           ###...       4%          1
b - Spider Form           Tmut/Pois      ###.......   21%         3
c - Blade Hands           Tmut           ###.......   47%         5
d - Ice Form              Ice/Tmut       ###.....     45%         4

Your spell library contained the following spells:

 Spells                   Type           Power        Failure   Level
 Wereblood                Tmut           ###.....     6%          2


Dungeon Overview and Level Annotations

Branches:
Dungeon (8/15)             Temple (1/1) D:6           Sewer (visited)
Ossuary (visited)
   Lair: D:8-11

Altars:
Ashenzari
Cheibriados
Dithmenos
Elyvilon
Gozag
Hepliaklqana
Kikubaaqudgha
Makhleb
Nemelex Xobeh
Okawaru
Qazlal
Ru
Sif Muna
Trog
Uskayaw
Vehumet
Wu Jian
Xom
Yredelemnul
Zin
The Shining One

Shops:
D:5 }}*

Annotations:
D:6 exclusions: door and 1 more exclusion


Innate Abilities, Weirdness & Mutations

((You have a beak for a mouth.))
((You have claws for feet.))
You can fly continuously.
Your life essence is reduced to manifest your ancestor. (-10% HP)


Message History

The orc wizard blinks!
The hound misses you. The wyvern completely misses you.
The orc wizard points at you and mumbles some strange words.
The magic dart hits you!
The orc wizard hits you with a +0 dagger.
The orc wizard casts a spell.
The orc wizard blinks!
The hound misses you.
The wyvern bites you but does no damage.
Your transformation is almost over.
The orc wizard points at you and mumbles some strange words.
The puff of flame misses you.
The orc wizard points at you and mumbles some strange words.
The magic dart hits you!
* * * LOW HITPOINT WARNING * * *
The hound pauses to sniff the ground.
The orc wizard hits you with a +0 dagger.
* * * LOW HITPOINT WARNING * * *
The hound barely misses you.
The orc wizard points at you and mumbles some strange words.
The puff of frost hits you!
You die...

... ##..##..# #.....)#
#.##$......# #......####
#..#..†....###>#<......#
#...........#.#.†.....#
###.......#.#.#[[.....# .###
##......#.#.#.#.......#
...†###...........#.#.......#
.....†.......o.o....#.......#
....†...†..o..oos...#.......#
..#...........lh.##....<....#
. ##........................#
#.............####.......#
#.#...........# #....####
...............# [...##
#..###....##........#### #..
#....##.....#.# ..


You could see a wyvern, a hound, 3 orc wizards and 2 orcs.

Vanquished Creatures
  2 slime creatures (D:7)
  Grinder (Sewer)
  Sigmund (D:5)
  A wyvern (D:8)
  2 water moccasins
  Duvessa (D:5)
  A black bear (D:6)
  3 sky beasts
  An orc warrior (D:6)
  An ice beast (D:6)
  A phantom (D:7)
  A necrophage (D:8)
  4 ogres
  3 centaurs
  A big kobold (Sewer)
  2 elf skeletons (D:6)
  5 bullfrogs
  Dowan (D:5)
  3 scorpions
  2 quasits (Sewer)
  A human zombie (Ossuary)
  2 centaur zombies
  4 bullfrog skeletons
  8 jellies
  4 orc priests
  6 hounds
  Crazy Yiuf (D:5)
  A centaur skeleton (D:6)
  2 human skeletons (D:6)
  5 iguanas
  3 orc wizards
  6 worker ants
  A killer bee zombie (D:7)
  A big kobold zombie (Sewer)
  A hound skeleton (D:8)
  5 mummies
  A worker ant zombie (D:7)
  8 gnolls
  11 adders
  4 shadow imps (Sewer)
  3 ufetubi
  4 oozes
  An adder zombie (Sewer)
  A worm (D:2)
  3 adder skeletons
  3 dart slugs
  7 leopard geckos
  15 orcs
  8 giant cockroaches
  4 goblins
  5 hobgoblins
  2 jackals (D:7)
  6 quokkas
  5 ball pythons
  9 bats
  5 frilled lizards
  A giant cockroach zombie (D:5)
  2 goblin zombies (Ossuary)
  2 hobgoblin zombies
  A jackal zombie (D:6)
  24 kobolds
  5 kobold zombies
  A leopard gecko zombie (D:8)
  3 orc zombies
  3 quokka skeletons
  4 rats
239 creatures vanquished.

Vanquished Creatures (collateral kills)
  A hound (D:6)
  A human skeleton (D:6)
2 creatures vanquished.

Vanquished Creatures (others)
  An ancestor (D:6)
  An ufetubus (Sewer)
  An ooze (Sewer)
  A giant cockroach zombie (Sewer)
  2 kobold zombies (Sewer)
  A bush (D:8)
  9 fungi
  25 plants
  7 toadstools (D:7)
48 creatures vanquished.

Grand Total: 289 creatures vanquished

Notes
Turn   | Place    | Note
-------+----------+-------------------------------------------
     0 | D:1      | kae the Tengu Transmuter began the quest for the Orb.
     0 | D:1      | Reached XP level 1. HP: 12/12 MP: 4/4
   231 | D:1      | Reached XP level 2. HP: 16/16 MP: 4/6
  1037 | D:2      | Reached XP level 3. HP: 18/20 MP: 5/7
  1042 | D:2      | Learned a level 3 spell: Spider Form
  1233 | D:2      | Reached skill level 4 in Unarmed Combat
  1404 | D:2      | Reached XP level 4. HP: 23/25 MP: 3/8
  1895 | D:2      | HP: 1/26 [gnoll/cursed -1 club (1)]
  1911 | D:2      | Reached skill level 1 in Poison Magic
  2145 | D:3      | Gained mutation: You can fly continuously. [Tengu growth]
  2145 | D:3      | Reached XP level 5. HP: 15/30 MP: 9/9
  2821 | D:3      | Reached XP level 6. HP: 12/35 MP: 4/11
  3835 | D:3      | Noticed a sky beast
  4078 | D:3      | Killed a sky beast
  4078 | D:3      | Reached skill level 5 in Unarmed Combat
  4947 | D:4      | Reached XP level 7. HP: 36/40 MP: 8/12
  5191 | D:4      | You are sucked into a shaft and drop 1 floor!
  5191 | D:5      | Entered Level 5 of the Dungeon
  5191 | D:5      | Found Hafaeg's Gadget Shoppe.
  5191 | D:5      | Found Caakhluz's Assorted Antiques.
  5347 | D:5      | Found Kaemie's Gadget Shoppe.
  5357 | D:5      | Found a glowing drain.
  5379 | Sewer    | Entered a sewer
  5682 | Sewer    | Found a burning altar of Makhleb.
  5738 | Sewer    | Reached skill level 6 in Unarmed Combat
  6003 | Sewer    | Noticed Grinder
  6049 | Sewer    | Killed Grinder
  6049 | Sewer    | Reached XP level 8. HP: 30/46 MP: 11/13
  6203 | D:5      | Noticed Sigmund
  6335 | D:5      | Noticed Duvessa
  6335 | D:5      | Noticed Dowan
  6354 | D:5      | Killed Duvessa
  6361 | D:5      | Killed Dowan
  6559 | D:5      | Killed Sigmund
  6559 | D:5      | Reached skill level 7 in Unarmed Combat
  6559 | D:5      | Reached skill level 5 in Transmutations
  6796 | D:5      | Bought a scroll labelled KOKLAW EB GIU for 17 gold pieces
  6796 | D:5      | Bought a murky green potion for 15 gold pieces
  6867 | D:5      | Found a shadowy altar of Dithmenos.
  7590 | D:5      | Found a runed translucent door.
  7591 | D:5      | Noticed Crazy Yiuf
  7599 | D:5      | Killed Crazy Yiuf
  7630 | D:5      | Acquired 251 gold pieces
  8094 | D:6      | Reached skill level 8 in Unarmed Combat
  8094 | D:6      | Reached XP level 9. HP: 21/52 MP: 11/14
  8104 | D:6      | Found a staircase to the Ecumenical Temple.
  8118 | Temple   | Entered the Ecumenical Temple
  8287 | Temple   | Became a worshipper of Hepliaklqana the Forgotten
  8345 | D:6      | Found a sand-covered staircase.
  8358 | Ossuary  | Entered an ossuary
  8858 | D:6      | Reached skill level 5 in Fighting
  9204 | D:6      | Reached * piety under Hepliaklqana
  9390 | D:6      | Reached skill level 9 in Unarmed Combat
  9423 | D:6      | Found a hide-covered altar of Uskayaw.
 10338 | D:6      | Noticed a boulder beetle
 10460 | D:6      | Learned a level 5 spell: Blade Hands
 10465 | D:6      | Learned a level 4 spell: Ice Form
 10770 | D:7      | Reached XP level 10. HP: 12/54 MP: 11/15
 11059 | D:7      | Reached skill level 1 in Ice Magic
 11306 | D:7      | Found a glowing golden altar of the Shining One.
 11842 | D:7      | Reached skill level 10 in Unarmed Combat
 12726 | D:8      | Killed from afar by an orc wizard

Illustrated notes

Levels and vault maps discovered:
D:1:      kennysheep_arrival_forest, layout_loops_ring
D:2:      layout_loops_ring
D:3:      layout_rooms, chequers_jeans, chequers_hall_statues_y
D:4:      layout_basic, kennysheep_generic_room_11
D:5:      layout_cave_pools, nicolae_overflow_hidden_temple,
          portal_sewer_entry_f, serial_shops, shop,
          nicolae_shop_overgrown_old_shop, shop, uniq_sigmund,
          uniq_crazy_yiuf_cottage, uniq_duvessa
D:6:      minmay_chambers_of_fours, layout_loops_corners, kennysheep_mini_moat,
          minmay_temple_entry_drinking_statues, nicolae_ossuary_entry_catacombs,
          minmay_mini_ossuary
D:7:      cheibrodos_fertilizer, layout_rooms, tso_oasis_becter
D:8:      layout_rooms, minmay_lair_entry_grove
Temple:   nicolae_temple_no_exploring_needed

Skill      XL: |  1  2  3  4  5  6  7  8  9 10 |
---------------+-------------------------------+-----
Transmutations | 2 3 4 5 7 |  7.7
Unarmed Combat | 4 5 6 8 9 10 | 10.3
Poison Magic   | 1 2 3 |  3.0
Fighting       | 2 3 4 5 6 |  6.3
Spellcasting   | 3 |  3.0
Ice Magic      | 3 |  3.2
Dodging        | 3 |  3.6

Action                   |  1- 3 |  4- 6 |  7- 9 | 10-12 || total
-------------------------+-------+-------+-------+-------++-------
Melee: Unarmed           |    64 |   155 |   379 |   164 ||   762
       Peck              |     6 |     8 |    31 |     4 ||    49
       Headbutt          |     6 |     8 |    12 |       ||    26
       Kick              |    15 |    28 |    34 |    14 ||    91
       Punch             |       |       |     8 |     1 ||     9
 Cast: Beastly Appendage |    16 |    20 |    16 |       ||    52
       Spider Form       |     2 |     7 |    45 |    16 ||    70
       Blade Hands       |       |       |       |     3 ||     3
 Abil: Fly               |       |     1 |       |       ||     1
  Use: Potion            |       |     4 |     1 |       ||     5
       Scroll            |       |       |    18 |       ||    18
 Stab: Sleeping          |       |       |     1 |       ||     1
       Distracted        |       |       |     1 |       ||     1
Armor: Robe              |    14 |    21 |    17 |     5 ||    57
       Skin              |       |       |    11 |     9 ||    20
Dodge: Dodged            |    45 |   103 |   320 |   187 ||   655

Table legend: (Time is in decaauts)
 A = Elapsed time spent in this place.
 B = Non-inter-level travel time spent in this place.
 C = Inter-level travel time spent in this place.
 D = Time resting spent in this place.
 E = Time spent auto-exploring this place.
 F = Levels seen in this place.
 G = Mean time per level.
                   A        B        C        D        E       F      G
               +--------+--------+--------+--------+--------+-----+--------+
         Total |  12284 |  11941 |    343 |   1968 |   8097 |  11 | 1116.7 |
       Dungeon |  11098 |  10766 |    332 |   1923 |   7227 |   8 | 1387.2 |
        Temple |    175 |    165 |     10 |      0 |    161 |   1 |  175.0 |
         Sewer |    760 |    760 |      0 |     26 |    565 |   1 |  760.0 |
       Ossuary |    249 |    249 |      0 |     19 |    143 |   1 |  249.0 |
               +--------+--------+--------+--------+--------+-----+--------+

Top non-repeatable levels by time:
     D:6: 2313 daAuts
     D:3: 1923 daAuts
     D:5: 1624 daAuts
     D:2: 1549 daAuts
     D:7: 1537 daAuts
     D:4: 959 daAuts
     D:1: 892 daAuts
   Sewer: 760 daAuts
     D:8: 299 daAuts
 Ossuary: 249 daAuts
  Temple: 175 daAuts
